Map: [ESL] Inside and Out

Players

JimRising

  • Race: Zerg Zerg
  • Spawn Location: 7:00

MasTeR - Winner!

  • Race: Protoss Protoss
  • Spawn Location: 1:00

Event: DreamHack SC2 Masters 2022 Atlanta (Online)

VOD

Have the link to the VOD?

Description

Time

  • Played on: Sept. 29, 2022, 3:53 p.m.
  • Length: 11:14

All games in this series

Show
View Real Time Build Order
Export as new Build Order

JimRising Zerg 

Build Orders: Hatch First, Lurkers 

Get SALT Encoding   

  12  0:00  Drone  
  13  0:12  Overlord  
  13  0:17  Drone  
  14  0:31  Drone x2  
  16  0:49  Hatchery  
  15  0:52  Drone  
  15  0:55  Drone  
  17  0:59  Drone  
  17  1:03  Extractor  
  17  1:16  Spawning Pool  
  17  1:18  Drone  
  17  1:21  Drone  
  18  1:28  Drone  
  19  1:42  Drone  
  20  1:51  Overlord  
  20  2:04  Queen x2  
  20  2:05  Drone x2  
  26  2:10  Metabolic Boost  
  26  2:15  Zergling x2  
  27  2:16  Zergling x2  
  27  2:22  Drone  
  29  2:23  Drone  
  30  2:33  Drone x2  
  32  2:43  Drone  
  33  2:48  Hatchery  
  32  2:54  Overlord  
  32  2:56  Queen  
  34  3:06  Zergling x4  
  34  3:09  Overlord  
  36  3:14  Drone x2  
  36  3:15  Drone x2  
  39  3:23  Drone x4  
  43  3:28  Drone  
  43  3:30  Spore Crawler  
  43  3:32  Spore Crawler  
  42  3:36  Drone x2  
  42  3:41  Queen  
  46  3:47  Drone x3  
  49  3:52  Drone x3  
  50  3:58  Drone, Overlord  
  50  4:01  Overlord  
  51  4:03  Drone  
  51  4:04  Drone  
  51  4:07  Drone  
  54  4:13  Drone  
  54  4:14  Drone, Roach Warren  
  55  4:21  Spore Crawler  
  55  4:22  Queen  
  56  4:25  Drone x3  
  59  4:34  Drone x2  
  59  4:35  Drone x5  
  66  4:40  Overlord, Evolution Chamber  
  66  4:45  Spore Crawler  
  61  4:48  Drone x3  
  65  4:53  Extractor  
  65  4:55  Roach x4  
  65  4:56  Overlord  
  65  4:58  Overlord  
  65  4:59  Extractor  
  71  5:03  Overlord x2  
  71  5:09  Roach, Overlord  
  71  5:10  Overlord  
  71  5:14  Zerg Melee Weapons Level 1  
  72  5:16  Drone  
  72  5:17  Drone x2  
  72  5:19  Drone  
  76  5:29  Roach x3  
  76  5:33  Zergling x4  
  76  5:34  Zergling x8  
  88  5:38  Overlord  
  88  5:42  Hatchery  
  87  5:46  Drone x2  
  87  5:49  Drone x2  
  86  5:59  Drone x5  
  91  6:04  Drone, Extractor x2  
  91  6:06  Drone  
  91  6:07  Extractor  
  90  6:13  Overlord x2  
  89  6:22  Lair  
  89  6:24  Zergling x2  
  89  6:25  Zergling x18  
  98  6:34  Drone x3  
  98  6:38  Drone x3  
  104  6:40  Drone x2  
  106  6:50  Drone  
  106  6:51  Drone  
  108  6:55  Roach, Evolution Chamber  
  108  6:56  Roach x3  
  108  7:00  Hatchery  
  114  7:03  Drone x6  
  120  7:10  Zergling x12  
  120  7:13  Queen  
  128  7:23  Spore Crawler, Drone  
  128  7:25  Zerg Melee Weapons Level 2  
  128  7:26  Zerg Ground Armor Level 1  
  128  7:27  Drone  
  128  7:29  Baneling Nest, Drone  
  129  7:30  Zergling x10  
  129  7:31  Hydralisk Den  
  129  7:32  Ravager  
  129  7:33  Ravager x4, Extractor  
  129  7:35  Extractor  
  136  7:37  Drone x2  
  136  7:38  Drone, Overlord  
  131  7:52  Drone x3  
  131  7:53  Zergling x2  
  131  7:55  Glial Reconstitution, Overlord x3  
  128  8:07  Hydralisk x8  
  128  8:10  Drone x2  
  144  8:17  Zergling x4  
  144  8:18  Zergling x6  
  144  8:19  Muscular Augments  
  149  8:23  Drone  
  149  8:24  Zergling x4  
  149  8:25  Zergling x2, Lurker Den  
  150  8:29  Hydralisk x3  
  150  8:30  Zergling x4  
  156  8:37  Zergling x10  
  150  8:43  Roach  
  150  8:48  Hydralisk x3  
  134  8:53  Drone  
  134  8:54  Drone  
  141  8:56  Roach x4  
  141  8:57  Zergling x10, Spine Crawler  
  141  9:00  Hydralisk  
  148  9:03  Hydralisk  
  148  9:04  Hydralisk x2  
  148  9:05  Zergling x2  
  147  9:11  Hydralisk  
  147  9:12  Hydralisk x2  
  147  9:14  Roach  
  153  9:20  Hydralisk x4  
  148  9:27  Lurker x3  
  148  9:28  Lurker x2, Drone  
  148  9:30  Roach x2  
  148  9:31  Zergling x6, Grooved Spines  
  145  9:44  Roach  
  145  9:45  Roach x3  
  137  9:59  Drone  
  135  10:00  Drone  
  135  10:04  Overlord x2  
  135  10:11  Extractor  
  135  10:12  Overlord  
  135  10:13  Overlord x3  
  135  10:14  Extractor  
  132  10:19  Hatchery  
  131  10:22  Overlord x2  
  131  10:27  Overlord  
  131  10:33  Hydralisk x10  
  151  10:37  Roach x2  
  151  10:41  Roach  
Show
View Real Time Build Order
Export as new Build Order

MasTeR Protoss - Winner!

Build Orders: 1 Gate Expand, Oracle Opening 

Get SALT Encoding   

  12  0:00  Probe  
  13  0:12  Probe  
  14  0:19  Pylon  
  14  0:24  Probe (Chrono Boost)  
  15  0:37  Probe (Chrono Boost), Gateway  
  16  0:45  Probe (Chrono Boost)  
  16  0:49  Assimilator  
  17  0:51  Probe  
  18  1:04  Probe  
  19  1:16  Probe  
  20  1:26  Nexus  
  20  1:36  Cybernetics Core  
  21  1:40  Probe  
  21  1:47  Assimilator  
  21  1:53  Probe  
  22  1:56  Pylon  
  22  2:05  Probe (Chrono Boost)  
  23  2:14  Adept  
  25  2:17  Probe (Chrono Boost)  
  25  2:19  Stargate  
  26  2:25  Probe (Chrono Boost)  
  26  2:29  Warp Gate  
  27  2:31  Probe (Chrono Boost)  
  28  2:40  Probe (Chrono Boost)  
  28  2:43  Probe (Chrono Boost)  
  30  2:44  Stalker  
  30  2:48  Probe (Chrono Boost)  
  30  2:49  Probe (Chrono Boost)  
  34  2:53  Probe (Chrono Boost)  
  34  2:57  Probe  
  36  3:03  Oracle (Chrono Boost)  
  36  3:05  Probe  
  37  3:09  Probe  
  41  3:17  Probe  
  41  3:18  Gateway  
  42  3:22  Probe  
  42  3:26  Pylon  
  43  3:29  Probe  
  43  3:34  Probe  
  45  3:41  Probe  
  45  3:42  Oracle (Chrono Boost)  
  49  3:50  Nexus  
  49  3:55  Pylon  
  49  3:56  Probe  
  49  4:01  Probe  
  49  4:02  Assimilator  
  51  4:04  Assimilator  
  51  4:08  Probe  
  52  4:15  Twilight Council  
  52  4:16  Forge, Probe  
  53  4:18  Oracle (Chrono Boost)  
  53  4:20  Probe  
  57  4:28  Probe, Stalker  
  57  4:30  Adept  
  62  4:36  Pylon  
  62  4:40  Protoss Ground Weapons Level 1 (Chrono Boost)  
  62  4:47  Blink  
  62  4:54  Gateway  
  62  4:55  Probe x2 (Chrono Boost)  
  62  4:56  Gateway  
  64  5:02  Probe (Chrono Boost)  
  67  5:12  Probe x3 (Chrono Boost)  
  68  5:14  Adept x2  
  68  5:17  Probe (Chrono Boost)  
  68  5:18  Probe x2 (Chrono Boost)  
  75  5:28  Gateway x2  
  76  5:31  Gateway  
  76  5:32  Gateway  
  76  5:34  Probe  
  77  5:35  Probe  
  77  5:36  Probe  
  78  5:46  Probe  
  78  5:47  Probe  
  78  5:48  Probe  
  74  5:58  Probe, Stalker x2  
  74  5:59  Stalker x2  
  79  6:05  Nexus  
  79  6:09  Oracle  
  82  6:11  Pylon  
  82  6:13  Pylon  
  82  6:16  Probe  
  82  6:17  Probe  
  83  6:27  Photon Cannon  
  83  6:28  Stalker  
  83  6:29  Protoss Ground Weapons Level 2 (Chrono Boost)  
  83  6:30  Probe  
  83  6:31  Probe  
  87  6:34  Stalker x2  
  91  6:41  Stalker x2  
  91  6:46  Oracle (Chrono Boost), Photon Cannon  
  98  6:50  Pylon  
  98  6:51  Charge  
  98  6:57  Stalker  
  98  6:59  Pylon  
  100  7:08  Stalker x4  
  108  7:17  Gateway x2  
  108  7:19  Oracle (Chrono Boost)  
  108  7:20  Gateway  
  108  7:21  Photon Cannon  
  111  7:28  Stalker x2  
  115  7:31  Probe x3 (Chrono Boost)  
  115  7:32  Probe (Chrono Boost)  
  123  7:44  Probe (Chrono Boost)  
  123  7:48  Probe x3 (Chrono Boost)  
  123  7:49  Oracle  
  123  7:50  Probe (Chrono Boost)  
  123  7:54  Probe x3, Stalker x3  
  132  7:58  Pylon  
  132  8:03  Probe  
  129  8:06  Probe x2  
  129  8:11  Pylon  
  131  8:14  Gateway  
  131  8:16  Pylon  
  131  8:17  Zealot x4  
  139  8:23  Pylon  
  139  8:25  Pylon  
  139  8:28  Pylon  
  139  8:31  Stalker x4  
  145  8:40  Stalker x5  
  147  8:51  Probe x2  
  147  8:54  Nexus  
  141  8:56  Zealot x6  
  151  9:13  Zealot x5  
  159  9:17  Pylon  
  159  9:19  Pylon  
  159  9:22  Stalker x6  
  167  9:27  Pylon  
  167  9:29  Pylon  
  157  9:33  Zealot x4  
  165  9:41  Probe x2  
  165  9:42  Probe x2  
  165  9:44  Gateway  
  169  9:47  Gateway  
  159  9:53  Zealot x4, Probe  
  159  9:54  Probe  
  167  10:04  Robotics Facility, Stalker x2  
  167  10:05  Robotics Facility  
  155  10:16  Zealot x3  
  155  10:17  Zealot x5  
  171  10:32  Zealot x3  
  177  10:36  Zealot  
  177  10:37  Zealot x8  
  173  10:59  Zealot x10  
Tags
 
Add a new tag
Caveats
  • Supply blocks, unpowered buildings, or Contaminate may cause inaccurate times.
  • Supply counts are checked every 10 seconds.